 Dungeon Sprint DCSS version 0.23.2-11-gf996548c65 (webtiles) character file.

Game seed: 6971079624782879398

95230 wilfster70 the Sniper (level 16, 0/133 HPs)
             Began as a Formicid Hunter on June 6, 2019.
             Was the Champion of Qazlal.
             Slain by an entropy weaver
             ... wielding the +7 great sword of Makhleb's Condemnation {pain, Str+3 Int+2}
              (12 damage)
             ... in the Dungeon (Sprint V: "Ziggurat Sprint").
             The game lasted 00:23:55 (2095 turns).

wilfster70 the Sniper (Formicid Hunter)             Turns: 2095, Time: 00:23:56

Health: 0/133      AC: 41    Str: 32    XL:     16   Next: 62%
Magic:  0/36       EV:  2    Int: 18    God:    Qazlal [******]
Gold:   6          SH: 39    Dex: 14    Spells: 44/48 levels left

rFire    + . .     SeeInvis +   c - +5 battleaxe (elec)
rCold    + . .     Gourm    .   A - +18 shield of the Gong {rElec rN+ MR+ EV-5}
rNeg     + . .     Faith    .   R - +8 orange crystal plate armour {Archmagi, Int+3 Clar}
rPois    .         Spirit   .   (helmet unavailable)
rElec    +         Reflect  .   Q - +2 cloak {+Inv}
rCorr    .         Harm     .   P - +0 pair of gloves {Dex+3}
MR       ++++.     Clarity  +   G - +1 pair of boots of Ulapesch {Int-3 Dex+3 Slay+3}
Stlth    ..........             z - amulet "Vuopsy" {rF+ MR++ Regen+}
HPRegen  0.72/turn              B - +6 ring of strength
MPRegen  0.25/turn              I - ring "Niniwiu" {Str+4 Int+5 Dex-3} (curse)

@: protected from physical damage, studying 2 skills, repel missiles
A: permanent stasis, dig shafts and tunnels, four strong arms, antennae 3,
clarity, cold resistance 1, frail 1, sense surroundings 2
a: Dig, Upheaval, Elemental Force, Disaster Area, Renounce Religion, Evoke
Invisibility


You were in the Dungeon.
You worshipped Qazlal.
Qazlal was exalted by your worship.
You were hungry.

You visited 1 branch You collected 6 gold pieces.

Inventory:

Hand Weapons
 a - the +9 heavy crossbow "Sniper" {velocity, Acc+∞ SInv}
   (You found it in the Dungeon)

   Any bolt fired from it inflicts extra damage.
   It lets you see invisible.
 b - the +6 arbalest "Damnation" {damnation}
   (You found it in the Dungeon)
 c - a +5 battleaxe of electrocution (weapon)
Missiles
 d - 983 bolts
Armour
 A - the +18 shield of the Gong (worn) {rElec rN+ MR+ EV-5}
   (You found it in the Dungeon)

   It affects your evasion (-5).
   It insulates you from electricity.
   It protects you from negative energy.
   It affects your resistance to hostile enchantments.
 G - the +1 pair of boots of Ulapesch (worn) {Int-3 Dex+3 Slay+3}
   (You found it in the Dungeon)

   It affects your intelligence (-3).
   It affects your dexterity (+3).
   It affects your accuracy and damage with ranged weapons and melee attacks
   (+3).
 P - a +0 pair of gloves of dexterity (worn)
 Q - a +2 cloak of invisibility (worn)
 R - the +8 orange crystal plate armour (worn) {Archmagi, Int+3 Clar}
   (You found it in the Dungeon)

   It affects your intelligence (+3).
   It protects you against confusion.
Jewellery
 z - the amulet "Vuopsy" (around neck) {rF+ MR++ Regen+}
   (You found it in the Dungeon)

   [amulet of regeneration]

   It protects you from fire.
   It affects your resistance to hostile enchantments.
   It increases your rate of regeneration.
 B - a +6 ring of strength (left hand)
 I - the cursed ring "Niniwiu" (right hand) {Str+4 Int+5 Dex-3}
   (You found it in the Dungeon)

   [ring of dexterity]

   It affects your strength (+4).
   It affects your intelligence (+5).
   It affects your dexterity (-3).
   It has a curse placed upon it.
 N - the ring of the Twelve Ghosts {rPois MP+9 Str+2}
   (You took it off a deep elf blademaster in the Dungeon)

   [ring of magical power]

   It affects your strength (+2).
   It protects you from poison.
   It affects your magic capacity (+9).
Wands
 u - a wand of disintegration (7)
 v - a wand of iceblast (7)
 w - a wand of acid (7)
 H - a wand of random effects (23)
Scrolls
 h - 4 scrolls of amnesia
 j - 7 scrolls of fog
 k - a scroll of holy word
 l - 4 scrolls of identify
 m - 5 scrolls of remove curse
 n - 2 scrolls of fear
 L - a scroll of acquirement
Potions
 e - 9 potions of curing
 g - 21 potions of heal wounds
 i - 7 potions of magic
 o - 4 potions of brilliance
 p - 2 potions of invisibility
 q - 5 potions of resistance
 s - 5 potions of agility
 t - 7 potions of might
Books
 C - a manual of Fire Magic
 F - a manual of Charms
Miscellaneous
 r - 5 sacks of spiders
 x - 5 phantom mirrors
 y - 7 boxes of beasts
 K - a lamp of fire
 M - a lamp of fire
Comestibles
 f - 8 rations
 E - 2 chunks of flesh


   Skills:
 + Level 19.8 Fighting
 - Level 10.0 Axes
 * Level 24.5 Crossbows
 - Level 13.1 Armour
 - Level 1.7 Dodging
 - Level 1.2 Stealth
 - Level 9.0 Shields
 + Level 16.7 Spellcasting
 - Level 11.0 Summonings
 - Level 11.0 Air Magic
 + Level 21.0 Invocations


You had 44 spell levels left.
You knew the following spells:

 Your Spells              Type           Power        Failure   Level  Hunger
a - Summon Lightning Spi  Summ/Air       ######..     7%          4    None

Your spell library contained the following spells:

 Spells                   Type           Power        Failure   Level  Hunger
 Summon Small Mammal      Summ           ####         1%          1    None
 Call Imp                 Summ           ######..     1%          2    None
 Call Canine Familiar     Summ           ######..     1%          3    None
 Shock                    Conj/Air       ####         7%          1    None
 Airstrike                Air            ######....   7%          4    None
 Poisonous Vapours        Pois/Air       ######       10%         2    None
 Swiftness                Chrm/Air       ######..     10%         2    None
 Static Discharge         Conj/Air       ######..     21%         3    None
 Mephitic Cloud           Conj/Pois/Air  #####...     38%         3    None
 Animate Skeleton         Necr           N/A          54%         1    None
 Apportation              Tloc           ###...       54%         1    None
 Beastly Appendage        Tmut           ###...       54%         1    None
 Confusing Touch          Hex            ###...       54%         1    None
 Corona                   Hex            ###....      54%         1    None
 Flame Tongue             Conj/Fire      ###..        54%         1    None
 Freeze                   Ice            ###.         54%         1    None
 Infusion                 Chrm           ###.         54%         1    None
 Magic Dart               Conj           ###.         54%         1    None
 Pain                     Necr           ###.         54%         1    None
 Summon Ice Beast         Ice/Summ       ######..     54%         4    None
 Corpse Rot               Necr           N/A          67%         2    None
 Ensorcelled Hibernation  Hex/Ice        ###...       67%         2    None
 Passwall                 Tmut/Erth      ###.....     67%         2    None
 Searing Ray              Conj           ###...       67%         2    None
 Shroud of Golubria       Chrm/Tloc      ###.......   67%         2    None
 Slow                     Hex            ###.....     67%         2    None
 Song of Slaying          Chrm           ###.....     67%         2    None
 Sticks to Snakes         Tmut           ###.....     67%         2    None
 Sublimation of Blood     Necr           ###.......   67%         2    None
 Throw Flame              Conj/Fire      ###...       67%         2    None
 Throw Frost              Conj/Ice       ###...       67%         2    None
 Confuse                  Hex            ###.....     88%         3    None
 Conjure Flame            Conj/Fire      ###.....     88%         3    None
 Dazzling Spray           Conj/Hex       ###...       88%         3    None
 Gell's Gravitas          Tloc           ###.......   88%         3    None
 Ignite Poison            Fire/Tmut/Pois ###.....     88%         3    None
 Inner Flame              Hex/Fire       ###.....     88%         3    None
 Portal Projectile        Hex/Tloc       ###...       88%         3    None
 Regeneration             Chrm/Necr      ###.......   88%         3    None
 Spectral Weapon          Hex/Chrm       ###.....     88%         3    None
 Spider Form              Tmut/Pois      ###.......   88%         3    None
 Stone Arrow              Conj/Erth      ###...       88%         3    None
 Tukima's Dance           Hex            ###.....     88%         3    None
 Vampiric Draining        Necr           ###.......   88%         3    None
 Lightning Bolt           Conj/Air       ######....   88%         5    ###....
 Silence                  Hex/Air        ######....   88%         5    ###....
 Summon Forest            Summ/Tloc      ######....   88%         5    ###....
 Animate Dead             Necr           N/A          99%         4    None
 Cause Fear               Hex            ###.......   99%         4    None
 Force Lance              Conj/Tloc      ###.....     99%         4    None
 Fulminant Prism          Conj/Hex       ###.......   99%         4    None
 Ice Form                 Ice/Tmut       ###.....     99%         4    None
 Iskenderun's Mystic Bla  Conj           ###.....     99%         4    None
 Leda's Liquefaction      Hex/Erth       ###.......   99%         4    None
 Passage of Golubria      Tloc           N/A          99%         4    None
 Petrify                  Tmut/Erth      ###.....     99%         4    None
 Sticky Flame             Conj/Fire      ###.....     99%         4    None
 Agony                    Necr           ###.....     100%        5    ###....
 Alistair's Intoxication  Tmut/Pois      ###.....     100%        5    ###....
 Blade Hands              Tmut           ###.......   100%        5    ###....
 Bolt of Draining         Conj/Necr      ###.......   100%        5    ###....
 Dispel Undead            Necr           ###.....     100%        5    ###....
 Excruciating Wounds      Chrm/Necr      ###.......   100%        5    ###....
 Fireball                 Conj/Fire      ###.......   100%        5    ###....
 Irradiate                Conj/Tmut      ###.......   100%        5    ###....
 Lee's Rapid Deconstruct  Erth           ###.......   100%        5    ###....
 Conjure Ball Lightning   Conj/Air       ######....   100%        6    #####..
 Darkness                 Hex            ###.......   100%        6    #####..
 Deflect Missiles         Chrm/Air       ######....   100%        6    #####..
 Dispersal                Tloc           ###.......   100%        6    #####..
 Freezing Cloud           Conj/Ice/Air   #####.....   100%        6    #####..
 Hydra Form               Tmut           ###.......   100%        6    #####..
 Invisibility             Hex            ###.....     100%        6    #####..
 Ozocubu's Refrigeration  Ice            ###.......   100%        6    #####..
 Statue Form              Tmut/Erth      ###......    100%        6    #####..
 Dragon Form              Tmut           ###.......   100%        7    ######.
 Ring of Flames           Chrm/Fire      ###.......   100%        7    ######.
 Spellforged Servitor     Conj/Summ      ######....   100%        7    ######.
 Disjunction              Tloc           ###.......   100%        8    #######
 Tornado                  Air            ######....   100%        9    #######
 Blink                    Tloc           Unusable     N/A         2    N/A
 Controlled Blink         Tloc           Unusable     N/A         8    N/A

Dungeon Overview and Level Annotations

Branches:
Dungeon (1/1)

Altars:
Ashenzari
Cheibriados
Dithmenos
Elyvilon
Fedhas
Gozag
Hepliaklqana
Kikubaaqudgha
Makhleb
Nemelex Xobeh
Okawaru
Qazlal
Ru
Sif Muna
Trog
Uskayaw
Vehumet
Wu Jian
Xom
Yredelemnul
Zin
The Shining One
Beogh
Jiyva
Lugonu


Innate Abilities, Weirdness & Mutations

You cannot be hasted, slowed, berserked, paralysed or teleported.
You can dig through walls and to a lower floor.
Your four strong arms can wield two-handed weapons with a shield.
You have a pair of large antennae on your head. (SInv)
You possess an exceptional clarity of mind.
Your flesh is cold resistant. (rC+)
You are frail. (-10% HP)
You passively map the area around you.


Message History

PTOANNNG!
The demonic crawler hits you but does no damage. x2
The wolf spider is struck by lightning.
The wolf spider hits you!
* * * LOW HITPOINT WARNING * * *
You feel more protected from physical attacks.
You block the wolf spider's attack.
GONNNNG!
The tarantella is engulfed in blazing flames.
The tarantella rages.
The wolf spider hits you.
* * * LOW HITPOINT WARNING * * *
The wolf spider bites you.
* * * LOW HITPOINT WARNING * * *
The entropy weaver hits you but does no damage.
You writhe in agony.
* * * LOW HITPOINT WARNING * * *
You block the entropy weaver's attack.
PTOANNNG!
The entropy weaver hits you with the +7 great sword of Makhleb's Condemnation {pain, Str+3 Int+2}!
You die... , , , , ▓....). ..†.††≈†....... ▓.....) ............... ▓.....[ *................,▓...... .......w.s...... ▓.....) *.......w....... ▓...... ..sssyyss.... ▓...▓.) ,., ▓yssys†.▓

.,▓..▓▓▓) ,..*▓▓s@a..▓▓
.. ▓...▓..
...▓..ss☼..▓... ▓......
.....°°°°§......,▓......
................ ▓▓▓▓▓▓▓
........©....... ,, ,,
▓▓▓▓▓▓▓▓▓▓▓▓▓▓▓▓


{{{{{ , ,, © , ,, , {{{{{ ,{{{{{{{{{{{{{{ {{{{{ {{{{{{{{{{{{{ * ,,, You could
see 2 ghost moths, an entropy weaver, 2 torpor snails, a demonic crawler, 3 wolf
spiders, a moth of wrath, 4 orb spiders, a hornet (berserk), 3 jumping spiders
and a tarantella (berserk).

Vanquished Creatures
  Nikola (D)
  3 deep elf master archers (D)
  5 deep elf blademasters (D)
  Gastronok (D)
  Polyphemus (D)
  An iron dragon (D)
  2 deep elf sorcerers (D)
  A frost giant (D)
  4 ghost moths (D)
  2 entropy weavers (D)
  A spark wasp (D)
  A deep elf annihilator (D)
  Josephine (D)
  2 blizzard demons (D)
  4 deep elf high priests (D)
  2 crystal guardians (D)
  Erolcha (D)
  3 hydras (D)
  An ice dragon (D)
  Erica (D)
  2 dancing weapons (D)
  A death yak (D)
  Urug (D)
  4 iron golems (D)
  2 wretched stars (D)
  4 deep elf knights (D)
  A skeletal warrior (D)
  A sixfirhy (D)
  2 deep elf archers (D)
  2 starcursed masses (D)
  8 deep elf magi (D)
  A harpy (shapeshifter) (D)
  2 shining eyes (D)
  2 ugly things (D)
  2 orb spiders (D)
  2 large abominations (D)
  4 wolf spiders (D)
  4 moths of wrath (D)
  Maurice (D)
  A guardian serpent (D)
  6 black mambas (D)
  Psyche (D)
  11 spiny frogs (D)
  A torpor snail (D)
  A guardian serpent (shapeshifter) (D)
  3 gargoyles (D)
  2 orange demons (D)
  4 rime drakes (D)
  3 komodo dragons (D)
  5 demonic crawlers (D)
  7 ice devils (D)
  4 freezing wraiths (D)
  2 tormentors (D)
  An ancient zyme (D)
  2 hellwings (D)
  A guardian mummy (D)
  5 merfolk (D)
  3 polar bears (D)
  A hornet (shapeshifter) (D)
  7 jumping spiders (D)
  Prince Ribbit (D)
  5 hornets (D)
  3 blink frogs (D)
  Grinder (D)
  5 hippogriffs (D)
  Sigmund (D)
  3 water elementals (D)
  2 flying skulls (D)
  An air elemental (D)
  4 redbacks (D)
  5 tarantellas (D)
  2 ushabtiu (D)
  A shadow (D)
  A yak (shapeshifter) (D)
  A ynoxinul (D)
  A wyvern (D)
  2 yaks (D)
  3 small abominations (D)
  2 fire elementals (D)
  A chaos spawn (D)
  4 neqoxecs (D)
  5 porcupines (D)
  10 water moccasins (D)
  7 ice beasts (D)
  2 phantoms (D)
  3 wolves (D)
  7 crocodiles (D)
  Blork the orc (D)
  3 bullfrogs (D)
  An earth elemental (D)
  3 scorpions (D)
  3 wights (D)
  A crimson imp (D)
  2 quasits (D)
  Crazy Yiuf (D)
  4 iron imps (D)
  Jessica (D)
  2 mummies (D)
  3 shadow imps (D)
  13 white imps (D)
  3 ufetubi (D)
  2 adder zombies (D)
  2 adder skeletons (D)
  3 ball pythons (D)
  A bat skeleton (D)
  A jackal (D)
  A ball python skeleton (D)
  A giant cockroach simulacrum (D)
  2 giant cockroach zombies (D)
  A leopard gecko skeleton (D)
  3 crawling corpses (D)
296 creatures vanquished.

Vanquished Creatures (collateral kills)
  An orb spider (D)
  2 wolf spiders (D)
3 creatures vanquished.

Grand Total: 299 creatures vanquished

Notes
Turn   | Place    | Note
-------+----------+-------------------------------------------
     0 | D        | Found the +6 Majin-Bo {vamp, Archmagi MP+6 Int+6}
     0 | D        | Found the +7 great mace "Firestarter" {inner flame, rF++}
     0 | D        | wilfster70 the Formicid Hunter began the quest for the Orb.
     0 | D        | Reached XP level 1. HP: 16/16 MP: 1/1
     0 | D        | Found a blossoming altar of Fedhas.
     1 | D        | Found a viscous altar of Jiyva.
     1 | D        | Found a transporter.
     1 | D        | Found a hazy altar of Hepliaklqana.
     1 | D        | Found an ancient bone altar of Kikubaaqudgha.
     1 | D        | Found an opulent altar of Gozag.
     1 | D        | Found a corrupted altar of Lugonu.
     3 | D        | Found a burning altar of Makhleb.
     4 | D        | Found a stormy altar of Qazlal.
     4 | D        | Found an iron altar of Okawaru.
     4 | D        | Found a sacrificial altar of Ru.
     4 | D        | Found a sparkling altar of Nemelex Xobeh.
     4 | D        | Found a deep blue altar of Sif Muna.
     4 | D        | Found a bloodstained altar of Trog.
    23 | D        | Found the +9 heavy crossbow "Sniper" {velocity, Acc+∞ SInv}
    23 | D        | Found the +10 dark maul {crush}
    23 | D        | Found the +15 Maxwell's patent armour {-Cast -Tele rElec
                  | MR+ rCorr}
    23 | D        | Found the +18 shield of the Gong {rElec rN+ MR+ EV-5}
    23 | D        | Found the cursed +14 obsidian axe {chop, +Fly SInv *Curse}
    49 | D        | Became a worshipper of Qazlal Stormbringer
   101 | D        | Reached skill level 5 in Crossbows
   101 | D        | Reached XP level 2. HP: 25/25 MP: 1/4
   136 | D        | Entered arena 2.
   136 | D        | Found a transporter.
   154 | D        | Entered arena 3.
   154 | D        | Noticed a jumping spider
   154 | D        | Noticed a scorpion
   154 | D        | Noticed a scorpion
   154 | D        | Found a transporter.
   156 | D        | Killed a jumping spider
   156 | D        | Reached * piety under Qazlal
   156 | D        | Reached skill level 5 in Fighting
   156 | D        | Reached skill level 8 in Crossbows
   156 | D        | Reached skill level 5 in Armour
   156 | D        | Reached skill level 5 in Shields
   156 | D        | Reached skill level 5 in Invocations
   156 | D        | Reached XP level 3. HP: 34/34 MP: 5/7
   156 | D        | Reached XP level 4. HP: 40/40 MP: 5/8
   156 | D        | Reached XP level 5. HP: 46/46 MP: 5/9
   156 | D        | Reached XP level 6. HP: 52/52 MP: 5/10
   159 | D        | Reached skill level 9 in Crossbows
   180 | D        | Entered arena 4.
   180 | D        | Noticed a water moccasin
   180 | D        | Found a transporter.
   181 | D        | Reached ** piety under Qazlal
   182 | D        | Killed a water moccasin
   182 | D        | Reached XP level 7. HP: 59/59 MP: 8/12
   208 | D        | Entered arena 5.
   208 | D        | Noticed Sigmund
   208 | D        | Noticed Jessica
   208 | D        | Noticed Blork the orc
   208 | D        | Noticed Crazy Yiuf
   208 | D        | Found a transporter.
   209 | D        | Killed Crazy Yiuf
   211 | D        | Killed Jessica
   211 | D        | Reached *** piety under Qazlal
   213 | D        | Killed Blork the orc
   214 | D        | Killed Sigmund
   214 | D        | Reached skill level 10 in Crossbows
   243 | D        | Entered arena 6.
   243 | D        | Noticed a merfolk
   243 | D        | Noticed a merfolk
   243 | D        | Noticed a merfolk
   243 | D        | Noticed a merfolk
   243 | D        | Noticed a merfolk
   243 | D        | Found a transporter.
   249 | D        | Killed a merfolk
   249 | D        | Reached XP level 8. HP: 53/68 MP: 14/14
   251 | D        | Killed a merfolk
   251 | D        | Reached **** piety under Qazlal
   251 | D        | Reached skill level 11 in Crossbows
   252 | D        | Killed a merfolk
   254 | D        | Killed a merfolk
   254 | D        | Reached XP level 9. HP: 37/76 MP: 14/16
   255 | D        | Killed a merfolk
   255 | D        | Reached skill level 12 in Crossbows
   276 | D        | Got the ring of Xykytiy {Wiz *Drain Dex+5}
   432 | D        | Entered arena 7.
   432 | D        | Noticed a guardian mummy
   438 | D        | Killed a guardian mummy
   438 | D        | Reached ***** piety under Qazlal
   438 | D        | Reached skill level 10 in Invocations
   441 | D        | Reached skill level 10 in Fighting
   442 | D        | Found a transporter.
   474 | D        | Entered arena 8.
   474 | D        | Noticed an orange demon
   475 | D        | Killed an orange demon
   475 | D        | Reached skill level 13 in Crossbows
   480 | D        | Found a transporter.
   525 | D        | Entered arena 9.
   525 | D        | Noticed a hippogriff
   526 | D        | Found the +8 trident of the Octopus King {venom, rElec
                  | rPois MR+}
   526 | D        | Reached XP level 10. HP: 84/86 MP: 18/18
   527 | D        | Reached skill level 10 in Armour
   528 | D        | Reached ****** piety under Qazlal
   533 | D        | Found a transporter.
   554 | D        | Entered arena 10.
   554 | D        | Noticed a deep elf knight
   554 | D        | Noticed a deep elf sorcerer
   554 | D        | Noticed a deep elf archer
   554 | D        | Noticed a deep elf mage
   555 | D        | Identified the +8 short sword "Dragonbane" {pain, rElec rF-
                  | Dex+6 Stlth+}
   555 | D        | Killed a deep elf knight
   555 | D        | Reached skill level 14 in Crossbows
   556 | D        | Reached skill level 5 in Spellcasting
   558 | D        | Killed a deep elf sorcerer
   558 | D        | Reached XP level 11. HP: 88/93 MP: 11/20
   559 | D        | Killed a deep elf mage
   560 | D        | Killed a deep elf archer
   560 | D        | Reached skill level 15 in Crossbows
   565 | D        | Found a transporter.
   679 | D        | Entered arena 11.
   679 | D        | Noticed a harpy
   679 | D        | Noticed a red ugly thing
   679 | D        | Noticed a shining eye
   679 | D        | Noticed a white ugly thing
   679 | D        | Noticed a shining eye
   680 | D        | Found the +2 Maxwell's thermic engine {flame, freeze}
   681 | D        | Killed a shining eye
   682 | D        | Killed a white ugly thing
   683 | D        | Killed a harpy
   684 | D        | Killed a shining eye
   685 | D        | Found a transporter.
   695 | D        | Killed a red ugly thing
   695 | D        | Reached skill level 16 in Crossbows
   773 | D        | Learned a level 4 spell: Summon Lightning Spire
   778 | D        | Entered arena 12.
   778 | D        | Noticed an iron golem
   778 | D        | Noticed an iron golem
   778 | D        | Noticed a crystal guardian
   778 | D        | Noticed a crystal guardian
   778 | D        | Noticed an iron golem
   778 | D        | Noticed an iron golem
   779 | D        | Reached skill level 1 in Summonings
   779 | D        | Reached skill level 1 in Air Magic
   779 | D        | Noticed an iron dragon
   780 | D        | Killed an iron golem
   781 | D        | Killed a crystal guardian
   781 | D        | Reached XP level 12. HP: 52/105 MP: 8/24
   783 | D        | Killed a crystal guardian
   784 | D        | Killed an iron golem
   789 | D        | Killed an iron dragon
   789 | D        | Reached skill level 17 in Crossbows
   793 | D        | Killed an iron golem
   796 | D        | Killed an iron golem
   796 | D        | Reached skill level 5 in Summonings
   804 | D        | Found a transporter.
  1042 | D        | Entered arena 13.
  1042 | D        | Noticed a wretched star
  1045 | D        | Killed a wretched star
  1047 | D        | Found a transporter.
  1117 | D        | Entered arena 14.
  1117 | D        | Noticed Prince Ribbit
  1117 | D        | Noticed Erolcha
  1117 | D        | Noticed Erica
  1118 | D        | Noticed Urug
  1118 | D        | Noticed Polyphemus
  1118 | D        | Noticed Psyche
  1118 | D        | Identified the cursed +0 battleaxe of the Weasel {elec,
                  | Str-3 Int+3}
  1118 | D        | Noticed Maurice
  1118 | D        | Identified the +2 pair of gloves of Nehuc {+Fly rPois
                  | Str+4}
  1118 | D        | Noticed Nikola
  1118 | D        | Noticed Grinder
  1119 | D        | Killed Grinder
  1119 | D        | Killed Urug
  1119 | D        | Killed Prince Ribbit
  1120 | D        | Killed Maurice
  1120 | D        | Reached skill level 5 in Air Magic
  1120 | D        | Killed Erica
  1120 | D        | Reached skill level 10 in Spellcasting
  1120 | D        | Killed Psyche
  1120 | D        | Reached skill level 15 in Invocations
  1120 | D        | Identified the +2 morningstar "Dyuxtuvoka" {speed, rN+}
  1120 | D        | Noticed Josephine
  1121 | D        | Noticed Gastronok
  1124 | D        | Killed Nikola
  1124 | D        | Reached skill level 18 in Crossbows
  1124 | D        | Reached XP level 13. HP: 82/114 MP: 12/27
  1127 | D        | Killed Polyphemus
  1128 | D        | Killed Erolcha
  1130 | D        | Killed Josephine
  1133 | D        | Killed Gastronok
  1142 | D        | Found a transporter.
  1172 | D        | Got the Papyrus of the Frigorific Voyage
  1174 | D        | Got the cursed ring "Niniwiu" {Str+4 Int+5 Dex-3}
  1309 | D        | Entered arena 15.
  1310 | D        | Noticed a six-headed hydra
  1311 | D        | Found the +8 arc blade {discharge, rElec}
  1311 | D        | Reached skill level 15 in Fighting
  1311 | D        | Killed a six-headed hydra
  1311 | D        | Reached skill level 19 in Crossbows
  1313 | D        | Found a transporter.
  1335 | D        | Entered arena 16.
  1355 | D        | Found a transporter.
  1374 | D        | Got the +0 pair of boots of Nosaj {rF+ rC++ MP-9}
  1413 | D        | Entered arena 17.
  1419 | D        | Reached XP level 14. HP: 123/123 MP: 12/29
  1426 | D        | Found a transporter.
  1449 | D        | Got the Reference Book on Aerial Sinister Magic
  1451 | D        | Got the Collected Works on Poisoning and Calling
  1463 | D        | Got the Reference Book on Good Luck and Transmigration
  1474 | D        | Got the amulet "Vuopsy" {rF+ MR++ Regen+}
  1479 | D        | Entered arena 18.
  1485 | D        | Noticed a frost giant
  1487 | D        | Found the +10 morningstar "Eos" {elec, Halo rElec}
  1496 | D        | Killed a frost giant
  1497 | D        | Found a transporter.
  1511 | D        | Got Bacaj's Grimoire of the Frostbite
  1564 | D        | Entered arena 19.
  1569 | D        | Reached skill level 1 in Axes
  1569 | D        | Reached skill level 20 in Crossbows
  1576 | D        | Reached skill level 10 in Summonings
  1578 | D        | Found the +3 Elemental Staff {rElec rF++ rC++ MR++ AC+5}
  1579 | D        | Found the +10 zealot's sword {holy, *Rage rN+ EV+3}
  1580 | D        | Found a transporter.
  1597 | D        | Got the ring "Seroply" {rC+ Stlth-}
  1605 | D        | Got the ring "Gupokam" {+Fly rC+ MR+}
  1627 | D        | Entered arena 20.
  1631 | D        | Noticed a starcursed mass
  1632 | D        | Gained mutation: You are frail. (-10% HP) [a neqoxec]
  1642 | D        | Gained mutation: Your magical capacity is low. (-10% MP) [a
                  | neqoxec]
  1643 | D        | Gained mutation: You are very frail. (-20% HP) [a neqoxec]
  1648 | D        | Lost mutation: Your magical capacity is low. (-10% MP)
                  | [potion of mutation]
  1648 | D        | Lost mutation: You are very frail. (-20% HP) [potion of
                  | mutation]
  1648 | D        | Gained mutation: You possess an exceptional clarity of
                  | mind. [potion of mutation]
  1648 | D        | Gained mutation: You passively map a small area around you.
                  | [potion of mutation]
  1648 | D        | Gained mutation: You passively map the area around you.
                  | [potion of mutation]
  1648 | D        | Gained mutation: Your flesh is cold resistant. (rC+)
                  | [potion of mutation]
  1655 | D        | Found the +6 arbalest "Damnation" {damnation}
  1658 | D        | Found a transporter.
  1674 | D        | Got the ring "Pepnusch" {rF+ rC+ Dex+4}
  1702 | D        | Entered arena 21.
  1704 | D        | Noticed a spark wasp
  1707 | D        | Killed a spark wasp
  1710 | D        | Reached skill level 5 in Axes
  1710 | D        | Reached skill level 21 in Crossbows
  1710 | D        | Noticed an entropy weaver
  1713 | D        | Noticed an entropy weaver
  1714 | D        | Reached XP level 15. HP: 119/119 MP: 13/32
  1717 | D        | Reached skill level 10 in Air Magic
  1735 | D        | Found the +7 Spriggan's Knife {stab, EV+4 Stlth+}
  1736 | D        | Found a transporter.
  1767 | D        | Got the +1 pair of boots of Ulapesch {Int-3 Dex+3 Slay+3}
  1790 | D        | Got the Guide on Gliding Transmutation
  1813 | D        | Entered arena 22.
  1817 | D        | Noticed a deep elf master archer
  1817 | D        | Identified the ring "Tosemedo" {+Inv rC+}
  1817 | D        | Identified the ring of Twilight {MP+9 Dex+4}
  1817 | D        | Noticed a deep elf master archer
  1818 | D        | Noticed a deep elf blademaster
  1818 | D        | Noticed a deep elf blademaster
  1819 | D        | Killed a deep elf master archer
  1819 | D        | Noticed a deep elf blademaster
  1820 | D        | Identified the ring of the Twelve Ghosts {rPois MP+9 Str+2}
  1820 | D        | Noticed a deep elf blademaster
  1822 | D        | Noticed a deep elf master archer
  1823 | D        | Killed a deep elf blademaster
  1823 | D        | Killed a deep elf master archer
  1823 | D        | Identified the +6 great sword of Responsibility {flame,
                  | +Fly rF+}
  1823 | D        | Killed a deep elf blademaster
  1823 | D        | Reached skill level 22 in Crossbows
  1823 | D        | Noticed a deep elf sorcerer
  1825 | D        | Killed a deep elf master archer
  1825 | D        | Killed a deep elf sorcerer
  1826 | D        | Identified the +9 quarterstaff of Sulphur {vamp, Int+2}
  1826 | D        | Identified the ring of Xoteast {rC+ Int-3 Dex+6}
  1826 | D        | Noticed a deep elf blademaster
  1828 | D        | Killed a deep elf blademaster
  1828 | D        | Reached skill level 15 in Spellcasting
  1830 | D        | Reached skill level 10 in Axes
  1830 | D        | Reached skill level 23 in Crossbows
  1831 | D        | Killed a deep elf blademaster
  1831 | D        | Reached XP level 16. HP: 127/130 MP: 6/35
  1834 | D        | Killed a deep elf blademaster
  1848 | D        | Found a transporter.
  1877 | D        | Got the Papyrus of Helpful Air
  1951 | D        | Entered arena 23.
  2001 | D        | Found the +8 orange crystal plate armour {Archmagi, Int+3
                  | Clar}
  2001 | D        | Found the +8 glaive of the Guard {elec, +Rage AC+5 SInv}
  2002 | D        | Found the +3 robe of Clouds {+Thunder rCloud rElec}
  2007 | D        | Found a transporter.
  2040 | D        | Got An Early Guide to Spellcraft
  2079 | D        | Entered arena 24.
  2085 | D        | Reached skill level 24 in Crossbows
  2086 | D        | Identified the +7 great sword of Makhleb's Condemnation
                  | {pain, Str+3 Int+2}
  2095 | D        | Slain by an entropy weaver

Skill      XL: |  1  2  3  4  5  6  7  8  9 10 11 12 13 14 15 16 |
---------------+-------------------------------------------------+-----
Fighting       | 4 5 6 8 9 10 11 13 14 15 16 18 19 | 19.8
Crossbows      | 5 8 9 10 11 13 14 16 18 19 21 23 24 | 24.5
Armour         | 3 5 6 7 8 9 11 12 13 | 13.1
Shields        | 3 5 6 8 9 |  9.0
Invocations    | 3 5 7 8 9 10 12 13 15 16 18 19 21 | 21.0
Spellcasting   | 2 5 8 10 11 13 15 16 | 16.7
Summonings     | 3 7 8 10 11 | 11.0
Air Magic      | 2 5 7 9 10 11 | 11.0
Axes           | 6 10 | 10.0
Dodging        | |  1.7
Stealth        | |  1.2

Action                   |  1- 3 |  4- 6 |  7- 9 | 10-12 | 13-15 | 16-18 || total
-------------------------+-------+-------+-------+-------+-------+-------++-------
Melee: Battleaxe         |       |       |       |       |       |     9 ||     9
 Fire: Heavy crossbow    |     5 |     5 |    27 |    35 |    65 |    21 ||   158
       Arbalest          |       |       |       |       |     9 |       ||     9
 Cast: Summon Lightning  |       |       |       |       |       |     1 ||     1
Invok: Upheaval          |       |       |     1 |       |       |       ||     1
       Disaster Area     |       |       |     1 |     9 |    14 |     4 ||    28
       Elemental Force   |       |       |     1 |       |       |       ||     1
  Use: Potion            |     1 |       |       |       |     2 |     1 ||     4
       Scroll            |       |       |     1 |       |     2 |     2 ||     5
  Eat: Chunk             |       |       |       |       |     3 |       ||     3
Armor: Gold dragon scale |     1 |     2 |    18 |    13 |    30 |     8 ||    72
       Crystal plate arm |       |       |       |       |       |    47 ||    47
Dodge: Dodged            |     1 |       |       |     2 |     4 |     3 ||    10
       Deflected         |       |       |       |     1 |     1 |       ||     2
Block: Shield            |     6 |     7 |    47 |    51 |   107 |    74 ||   292
